Construct Infanterie Kompanie
Selects Italian Coastal Battlegroup
Construct Panzergrenadier Kompanie
Selects Artillery Officer
Infanterie Officer Quarters
Pak 40 Anti-tank Gun Team
Construct Panzer Kompanie
Selects Obice da 210/22 Artillery Emplacement
Selects Designated Artillery Overwatch
Designated Artillery Overwatch
Pak 40 Anti-tank Gun Team
Designated Artillery Overwatch
Pak 40 Anti-tank Gun Team
Designated Artillery Overwatch